 Dungeon Crawl Stone Soup version 0.19.1 (webtiles) character file.

85 jerryfan the Stinger (level 4, 0/31 HPs)
             Began as a Formicid Venom Mage on Nov 25, 2016.
             Slain by an ooze (5 damage)
             ... on level 2 of the Dungeon on Dec 2, 2016.
             The game lasted 00:12:59 (1850 turns).

jerryfan the Stinger (Formicid Venom Mage)          Turns: 1850, Time: 00:13:00

Health: 0/31       AC:  3    Str: 11 (12) XL:     4   Next: 75%
Magic:  2/8        EV: 12    Int: 16      God:
Gold:   55         SH:  0    Dex:  8 (11) Spells: 2 memorised, 4 levels left

rFire  . . .     SeeInvis +     j - +0 dagger
rCold  . . .     Gourm    .     a - +0 robe
rNeg   . . .     Faith    .     (no shield)
rPois  .         Spirit   .     (helmet unavailable)
rElec  .         Reflect  .     (no cloak)
rCorr  .         Harm     .     (no gloves)
MR     .....                    e - +0 pair of boots
Stlth  ++........               (no amulet)
                                (no ring)
                                (no ring)

@: lethally poisoned (0 -> -2)
A: permanent stasis, dig shafts and tunnels, four strong arms, antennae 3
a: Dig, Shaft Self


You were on level 2 of the Dungeon.
You were not hungry.

You visited 1 branch of the dungeon, and saw 2 of its levels.

You collected 55 gold pieces.

Inventory:

Hand Weapons
 j - a +0 dagger (weapon)
Armour
 a - a +0 robe (worn)
 e - a +0 pair of boots (worn)
Wands
 k - a wand of lightning (5/15)
Books
 b - a Young Poisoner's Handbook

   Spells                             Type                      Level
   a - Sting                          Conjuration/Poison           1
   b - Mephitic Cloud                 Conjuration/Poison/Air       3
   c - Olgreb's Toxic Radiance        Poison                       4
   d - Alistair's Intoxication        Transmutation/Poison         5
   e - Venom Bolt                     Conjuration/Poison           5
Comestibles
 c - a bread ration
 d - 2 meat rations
 f - a beef jerky
 g - a royal jelly


   Skills:
 + Level 0.4 Fighting
 + Level 2.0 Dodging
 + Level 2.6 Stealth
 + Level 0.6 Unarmed Combat
 + Level 2.9 Spellcasting
 + Level 0.6 Conjurations
 + Level 6.5 Poison Magic


You had 4 spell levels left.
You knew the following spells:

 Your Spells              Type           Power        Failure   Level  Hunger
a - Sting                 Conj/Pois      ##..         6%          1    #......
b - Mephitic Cloud        Conj/Pois/Air  ##......     21%         3    ###....


Dungeon Overview and Level Annotations

Branches:
Dungeon (2/15)

Altars:
Nemelex Xobeh
Ru
Vehumet

Annotations:
D:2 Jessica


Innate Abilities, Weirdness & Mutations

You are under a permanent stasis effect.
You can dig through walls and to a lower floor.
Your four strong arms can wield two-handed weapons with a shield.
You have a pair of large antennae on your head. (SInv)


Message History

The ooze hits you.
* * * LOW HITPOINT WARNING * * *
You aren't carrying any potions.
Okay, then.
Zapping:
k - a wand of lightning (will waste charges)
Press: ? - help, Shift-Dir - straight line, p - ooze You hear a mighty clap of thunder!
The bolt of lightning hits the ooze.
The ooze is severely wounded.
Evoking this partially-identified wand wasted a few charges.
You feel sick.
You hear an angry hiss. x2; You hear a shout! x2
The ooze closely misses you.
You barely miss the ooze.
The ooze is severely wounded.
The ooze hits you but does no damage.
You hit the ooze.
The ooze is almost dead.
The ooze hits you.
You die...

#..............#..#...#.,,*,,,*,,
...............#........,,,,,,,,,
...............#.#######*********
...............).# **,****
.................# **,,,,,**
.........#.......####**,,,,,,,**
.....(..##..........#*,,,,,,,,,*
........##.......##.#*,,,,,,,,,*
.......###.....(@#*,.#,,,,,,,,,*
.......#*#......J†......,,,,,,,*
.......#..............(.,,,,,,,*
.........#######))......,,,,,,**
##...##### #######..,,,,,,,*
#..## *,.,,,,,,,* #.##
*,,,,,,,,,* #.# *,,,,,,,,,* ###
*,,,,,,,,,*


You could see an ooze.

Vanquished Creatures
  Terence (D:2)
  2 adders (D:2)
  A worm (D:2)
  A dart slug (D:1)
  A leopard gecko (D:2)
  2 giant cockroaches (D:1)
  4 hobgoblins
  2 jackals (D:1)
  4 bats (D:1)
  8 frilled lizards
  9 kobolds
  5 rats
40 creatures vanquished.

Notes
Turn   | Place    | Note
-------+----------+-------------------------------------------
     0 | D:1      | jerryfan the Formicid Venom Mage began the quest for the Orb.
     0 | D:1      | Reached XP level 1. HP: 13/13 MP: 3/3
   247 | D:1      | Reached XP level 2. HP: 19/19 MP: 3/5
   823 | D:1      | Reached skill level 6 in Poison Magic
   862 | D:1      | Reached XP level 3. HP: 22/24 MP: 1/6
  1032 | D:1      | Learned a level 3 spell: Mephitic Cloud
  1313 | D:2      | Noticed Jessica
  1338 | D:2      | Found a sacrificial altar of Ru.
  1619 | D:2      | Found a sparkling altar of Nemelex Xobeh.
  1655 | D:2      | Found a radiant altar of Vehumet.
  1655 | D:2      | Noticed Terence
  1666 | D:2      | Killed Terence
  1666 | D:2      | Reached XP level 4. HP: 15/30 MP: 2/8
  1850 | D:2      | Slain by an ooze

Skill      XL: |  1  2  3 |
---------------+----------+-----
Poison Magic   | 6 |  6.5
Dodging        | 2 |  2.0
Fighting       | |  0.4
Stealth        | |  2.6
Unarmed Combat | |  0.6
Spellcasting   | |  2.9
Conjurations   | |  0.6

Action                   |  1- 3 |  4- 6 || total
-------------------------+-------+-------++-------
Melee: Unarmed           |    26 |       ||    26
       Dagger            |     9 |    13 ||    22
       Punch             |     1 |       ||     1
 Cast: Sting             |    75 |    10 ||    85
       Mephitic Cloud    |     1 |       ||     1
 Abil: Dig               |     1 |       ||     1
Evoke: Wand              |       |     1 ||     1
  Use: Scroll            |     1 |       ||     1
       Potion            |     1 |       ||     1
  Eat: Chunk             |     3 |     1 ||     4
Armor: Robe              |     6 |     2 ||     8
Dodge: Dodged            |    45 |    11 ||    56
